 Dungeon Crawl Stone Soup version 0.14-a0-759-g26e2352 (webtiles) character file.

1122 PolkaDot the Jinx (level 8, -6/49 (52) HPs)
             Began as a Vampire Enchanter on Nov 8, 2013.
             Mangled by an orc wizard
             ... wielding a -1,+1 orcish dagger
              (8 damage)
             ... on Level 5 of the Dungeon.
             The game lasted 00:19:44 (3894 turns).

PolkaDot the Jinx (Vampire Enchanter)               Turns: 3894, Time: 00:19:45

HP  -6/49 (52)   AC  7     Str 12      XL: 8   Next: 11%
MP   2/13        EV 12     Int 18      God:
Gold 18          SH  0     Dex 15      Spells:  3 memorised,  3 levels left

Res.Fire  : + + .   See Invis. : +   r - +2,+1 dagger (elec)
Res.Cold  : + . .   Warding    : .   t - +1 robe {rF+}
Life Prot.: . . .   Conserve   : .   (no shield)
Res.Poison: +       Res.Corr.  : .   (no helmet)
Res.Elec. : +       Clarity    : .   (no cloak)
Sust.Abil.: . .     Spirit.Shd : .   o - +0 pair of gauntlets
Res.Mut.  : .       Stasis     : .   s - +1 pair of boots {Fly}
Res.Rott. : .       Flight     : +   (no amulet)
Saprovore : . . .                    (no ring)
                                     (no ring)

@: regenerating quickly, mighty, flying, somewhat resistant to hostile
enchantments, stealthy
A: bottle blood, fangs 3, see invisible, unbreathing, AC +1
a: Bottle Blood, Stop Flying


You were on level 5 of the Dungeon.
You were full.

You visited 1 branch of the dungeon, and saw 5 of its levels.

You collected 219 gold pieces.
You spent 201 gold pieces at shops.

Inventory:

Hand weapons
 r - a +2,+1 dagger of electrocution (weapon)
Missiles
 d - 12 darts (quivered)
Armour
 o - a +0 pair of gauntlets (worn)
 s - a +1 pair of boots of flying (worn)
 t - a +1 robe of fire resistance (worn)
Magical devices
 C - a wand of frost (15) {unknown}
Scrolls
 a - a scroll of blinking {unknown}
 b - a scroll of fear {unknown}
 e - a scroll of random uselessness {unknown}
 f - 4 scrolls of remove curse {unknown}
 g - 2 scrolls of fog
 m - 3 scrolls of teleportation
 n - 2 scrolls of enchant weapon II {unknown}
 u - 2 scrolls of identify {unknown}
 v - a scroll of curse armour {unknown}
 y - a scroll of magic mapping
 A - a scroll of enchant armour
 B - a scroll of enchant weapon I {unknown}
Jewellery
 j - an uncursed amulet of stasis {unknown}
Potions
 i - 5 potions of blood
 k - 3 potions of mutation
 l - a potion of magic {unknown}
 q - a potion of flight {unknown}
 w - a potion of restore abilities
 z - 3 potions of resistance
 D - a potion of poison {unknown}
Books
 c - a book of Maledictions

   Spells                             Type                      Level
   *Corona                            Hexes                        1
   *Sure Blade                        Hexes/Charms                 2
   Ensorcelled Hibernation            Hexes/Ice                    2
   *Confuse                           Hexes                        3
   Enslavement                        Hexes                        4
   Invisibility                       Hexes                        6
 x - a book of Clouds

   Spells                             Type                      Level
   Mephitic Cloud                     Conjuration/Poison/Air       3
   Conjure Flame                      Conjuration/Fire             3
   Poisonous Cloud                    Conjuration/Poison/Air       6
   Freezing Cloud                     Conjuration/Ice/Air          6
   Ring of Flames                     Charms/Fire                  7


   Skills:
 - Level 6.0 Short Blades
 - Level 0.7 Throwing
 - Level 2.1 Dodging
 + Level 3.2 Stealth
 - Level 1.0 Spellcasting
 * Level 10.9 Hexes
 + Level 2.9 Charms


You had 3 spell levels left.
You knew the following spells:

 Your Spells              Type           Power        Failure   Level  Hunger
A - Corona                Hex            #####..      1%          1    ##.....
B - Sure Blade            Hex/Chrm       ####......   1%          2    ###....
C - Confuse               Hex            #####...     1%          3    ####...


Dungeon Overview and Level Annotations

Branches:
Dungeon (5/27)
 Temple: D:4-7

Altars:
Okawaru

Shops:
D:4 ?[*/(


Innate Abilities, Weirdness & Mutations

Your natural rate of healing is unusually fast.
You can bottle blood from corpses.
You have razor-sharp teeth.*
You have supernaturally acute eyesight.
You can survive without breathing.*
You are covered in fur (AC +1).*


Message History

The orc barely misses you. The orc closely misses you.
Drink which item? (? for menu, Esc to quit)
You feel better. The orc hits you with an orcish club.
* * * LOW HITPOINT WARNING * * *
The orc wizard casts a spell at you. The magic dart hits you!
* * * LOW HITPOINT WARNING * * *
The orc barely misses you. The orc hits you but does no damage.
You slash the orc wizard!
The orc wizard is heavily wounded.
The orc wizard hits you with an orcish dagger.
* * * LOW HITPOINT WARNING * * *
The orc hits you with an orcish club.
* * * LOW HITPOINT WARNING * * *
The orc hits you but does no damage.
Drink which item? (? for menu, Esc to quit)
You feel protected.
It was a potion of resistance.
The orc wizard hits you with an orcish dagger!
You die...

############
#######..........#
####................#
........o............#
##..)@o...........#
#(..oo...........#
#................####
..........>............
...#................####
. #................# #.
.............<...# #.
.................###.
...<..............


You could see an orc wizard and 3 orcs.

Vanquished Creatures
  Eustachio (D:4)
  3 ogres (D:4)
  Sigmund (D:2)
  A giant frog (D:4)
  A crimson imp (D:5)
  A yellow wasp zombie (D:4)
  2 orc priests
  4 hounds
  2 iguanas (D:4)
  2 orc wizards
  2 scorpions (D:4)
  Jessica (D:3)
  5 adders
  2 worms
  4 giant geckos
  An ooze (D:3)
  12 orcs
  3 bats
  6 giant cockroaches
  10 hobgoblins
  7 jackals
  15 kobolds
  A quokka (D:2)
  2 ball pythons (D:4)
  6 giant newts
  9 goblins
  6 rats
  A rat skeleton (D:3)
111 creatures vanquished.

Notes
Turn   | Place    | Note
--------------------------------------------------------------
     0 | D:1      | PolkaDot, the Vampire Enchanter, began the quest for the Orb.
     0 | D:1      | Reached XP level 1. HP: 13/13 MP: 4/4
   202 | D:1      | Reached XP level 2. HP: 5/19 MP: 5/5
   982 | D:2      | Reached XP level 3. HP: 12/24 MP: 6/6
  1003 | D:2      | Reached skill level 5 in Hexes
  1244 | D:2      | Learned a level 3 spell: Confuse
  1584 | D:2      | Noticed Sigmund
  1633 | D:2      | Gained mutation: You are covered in fur (AC +1). [potion of mutation]
  1635 | D:2      | HP: 1/21 [Sigmund/puff of flame (4)]
  1654 | D:2      | Killed Sigmund
  1654 | D:2      | Reached skill level 6 in Hexes
  1654 | D:2      | Reached XP level 4. HP: 5/27 MP: 0/8
  1654 | D:2      | Reached XP level 5. HP: 5/32 MP: 0/9
  2084 | D:3      | Noticed Jessica
  2092 | D:3      | Killed Jessica
  2177 | D:3      | Reached skill level 7 in Hexes
  2822 | D:4      | Reached XP level 6. HP: 38/38 MP: 10/10
  2839 | D:4      | Noticed an ogre
  2849 | D:4      | Killed an ogre
  2849 | D:4      | Reached skill level 8 in Hexes
  2857 | D:4      | Reached skill level 5 in Short Blades
  2876 | D:4      | Found Zirchoe's Magical Wand Boutique.
  2921 | D:4      | Found Thougav's Antique Armour Shoppe.
  2925 | D:4      | Bought a pair of embroidered boots for 36 gold pieces
  2925 | D:4      | Bought an embroidered robe for 16 gold pieces
  2974 | D:4      | Noticed an ogre
  2983 | D:4      | Reached skill level 9 in Hexes
  2995 | D:4      | Killed an ogre
  2995 | D:4      | Reached XP level 7. HP: 39/43 MP: 4/11
  3074 | D:4      | Learned a level 2 spell: Sure Blade
  3092 | D:4      | Found Xoolakote's Antique Weapon Shoppe.
  3200 | D:4      | Reached skill level 10 in Hexes
  3248 | D:4      | Reached skill level 1 in Charms
  3251 | D:4      | Noticed Eustachio
  3373 | D:4      | Found Palien's Magic Scroll Shoppe.
  3380 | D:4      | Bought a scroll of magic mapping for 38 gold pieces
  3380 | D:4      | Bought a scroll of teleportation for 33 gold pieces
  3380 | D:4      | Bought a scroll of enchant armour for 60 gold pieces
  3384 | D:4      | Found an iron altar of Okawaru.
  3503 | D:4      | Found Mipylar's Assorted Antiques.
  3512 | D:4      | Bought a murky silvery potion for 18 gold pieces
  3695 | D:4      | Killed Eustachio
  3695 | D:4      | Reached XP level 8. HP: 42/49 MP: 10/13
  3720 | D:5      | Entered Level 5 of the Dungeon
  3893 | D:5      | HP: 2/49 [orc/orcish club (2)]
  3894 | D:5      | Mangled by an orc wizard

Action                   |  1- 3 |  4- 6 |  7- 9 || total
-------------------------+-------+-------+-------++-------
Melee: Dagger            |   108 |   155 |   106 ||   369
       Short sword       |    67 |       |       ||    67
 Cast: Corona            |     2 |       |     1 ||     3
       Confuse           |     6 |    11 |    19 ||    36
       Sure Blade        |       |       |     1 ||     1
 Abil: Evoke Flight      |       |     1 |       ||     1
       Bottle Blood      |       |       |     7 ||     7
  Use: Potion            |     4 |       |     7 ||    11
       Scroll            |     2 |       |       ||     2
 Stab: Sleeping          |     6 |     8 |     1 ||    15
       Confused          |     2 |     3 |     3 ||     8
       Distracted        |     1 |       |       ||     1
